 Dungeon Crawl Stone Soup version 0.28.0-47-ge53b351184 (webtiles) character file.

Game seed: 4296427079629640535

6 pkoi the Shield-Bearer (level 1, -1/18 HPs)
             Began as a Demigod Fighter on Apr 27, 2022.
             Slain by a jackal (2 damage)
             ... on level 1 of the Dungeon.
             The game lasted 00:00:23 (227 turns).

pkoi the Shield-Bearer (Demigod Fighter)             Turns: 227, Time: 00:00:24

Health: -1/18      AC:  6    Str: 17    XL:     1   Next: 60%
Magic:  3/3        EV:  9    Int: 10    God:
Gold:   20         SH:  4    Dex: 13    Spells: 0/0 levels left

rFire   . . .      SeeInvis .     - Unarmed
rCold   . . .      Faith    .   b - +0 buckler
rNeg    . . .      Spirit   .   a - +0 scale mail
rPois   .          Reflect  .   (no helmet)
rElec   .          Harm     .   (no cloak)
rCorr   .          Rampage  .   (no gloves)
Will    .....                   (no boots)
Stlth   ..........              (no amulet)
HPRegen 0.06/turn               (no ring)
MPRegen 0.08/turn               (no ring)

@: mighty
A: high MP 1, forlorn, divine attributes
a: no special abilities


You were on level 1 of the Dungeon.
You visited 1 branch of the dungeon, and saw 1 of its levels.

You collected 20 gold pieces.

Inventory:

Armour
 a - a +0 scale mail (worn)
 b - a +0 buckler (worn)
Scrolls
 d - a scroll of brand weapon {unknown}


   Skills:
 - Level 2.6 Fighting
 + Level 2.8 Armour
 + Level 2.8 Shields
 * Level 2.1 Unarmed Combat


You couldn't memorise any spells.
You didn't know any spells.
Your spell library was empty.

Dungeon Overview and Level Annotations

Branches:
Dungeon (1/15)


Innate Abilities, Weirdness & Mutations

You have an increased reservoir of magic. (+10% MP)
You shall have no god before yourself.
Your divine heritage dramatically boosts your attributes as you level up.


Message History

You block the quokka's attack.
You hit the quokka.
The quokka is severely wounded.
The quokka bites you.
* * * LOW HITPOINT WARNING * * *
You hit the quokka but do no damage.
The quokka is severely wounded.
The quokka bites you.
* * * LOW HITPOINT WARNING * * *
You barely miss the quokka.
The quokka is severely wounded.
The quokka bites you.
* * * LOW HITPOINT WARNING * * *
The quokka bites you.
* * * LOW HITPOINT WARNING * * *
You closely miss the quokka.
The quokka is severely wounded.
The quokka barely misses you.
You hit the quokka but do no damage.
The quokka is severely wounded.
You block the quokka's attack.
You hit the quokka.
The quokka is almost dead.
You block the quokka's attack.
You hit the quokka.
You kill the quokka!
You closely miss the jackal. The jackal barely misses you.
You closely miss the jackal. The jackal closely misses you.
The jackal bites you but does no damage.
You closely miss the jackal. The jackal bites you.
* * * LOW HITPOINT WARNING * * *
You closely miss the jackal.
The jackal bites you but does no damage.
You feel very mighty all of a sudden. The jackal bites you.
* * * LOW HITPOINT WARNING * * *
You block the jackal's attack.
You barely miss the jackal. You block the jackal's attack.
You barely miss the jackal. The jackal bites you.
You die...

#............. #.###..
.# #..##.# #.# # #..##.#
#.# ##.###.†##.# #.#
#.......##.#####.#
#......hh).......##
#.#####h#.........# # #
#@##.####.#.# ##
#.............#.#####.
#......#####..........†.
##.#...#...#...###.####.
# #.###.8.###.###.## ##
#.#.......#.#....#### #
+.8.<.8.'..........
#.......#.#.#......
###.8.###.#.#..###.


You could see 3 jackals.

Vanquished Creatures
  A jackal (D:1)
  A kobold (D:1)
  A quokka (D:1)
  2 ball pythons (D:1)
  A rat (D:1)
6 creatures vanquished.

Notes
Turn   | Place    | Note
-------+----------+-------------------------------------------
     0 | D:1      | pkoi the Demigod Fighter began the quest for the Orb.
     0 | D:1      | Reached XP level 1. HP: 18/18 MP: 3/3
   227 | D:1      | Slain by a jackal

Illustrated notes

Levels and vault maps discovered:
D:1:      dpeg_arrival_simpleton_c, layout_loops_ring,
          chequers_hall_statues_wall_a, wad_floor_pattern_untrapped

Skill      XL: |  1 |
---------------+----+-----
Unarmed Combat | 2 |  2.1
Fighting       | |  2.6
Armour         | |  2.8
Shields        | |  2.8

Action                   || total
-------------------------++-------
Melee: Unarmed           ||    40
  Use: Potion            ||     1
Armor: Scale mail        ||    11
Dodge: Dodged            ||    15
Block: Buckler           ||     7
